 Dungeon Crawl Stone Soup version 0.28.0-45-g0d030f2227 (webtiles) character file.

Game seed: 3333977810545756282

46 urbino23 the Ruffian (level 3, -1/37 HPs)
             Began as a Troll Monk on Apr 15, 2022.
             Succumbed to Ijyb's poison
             ... on level 2 of the Dungeon.
             The game lasted 00:03:49 (723 turns).

urbino23 the Ruffian (Troll Monk)                    Turns: 723, Time: 00:03:49

Health: -1/37      AC:  4    Str: 21    XL:     3   Next: 44%
Magic:  2/2        EV: 10    Int:  6    God:
Gold:   31         SH:  0    Dex: 12    Spells: 2/2 levels left

rFire   . . .      SeeInvis .     - Unarmed
rCold   . . .      Faith    .   (no shield)
rNeg    . . .      Spirit   .   a - +0 robe
rPois   .          Reflect  .   (helmet restricted)
rElec   .          Harm     .   (no cloak)
rCorr   .          Rampage  .   (gloves unavailable)
Will    .....                   (boots unavailable)
Stlth   ++........              (no amulet)
HPRegen 0.92/turn               (no ring)
MPRegen 0.08/turn               (no ring)

@: lethally poisoned (-1 -> -23)
A: large, unfitting armour, claws 3, regeneration 1, shaggy fur 1, tough skin 1
a: no special abilities


You were on level 2 of the Dungeon.
You visited 1 branch of the dungeon, and saw 2 of its levels.

You collected 31 gold pieces.

Inventory:

Missiles
 b - 16 bolts
 d - 29 stones (quivered)
Armour
 a - a +0 robe (worn)
Scrolls
 c - a scroll of blinking {unknown}
 e - a scroll of noise {unknown}
 f - a scroll of magic mapping {unknown}
Potions
 g - a potion of might {unknown}
 h - 2 potions of degeneration {unknown}
 i - a potion of ambrosia {unknown}


   Skills:
 + Level 3.0 Fighting
 - Level 2.4 Dodging
 - Level 1.0 Stealth
 + Level 4.0 Unarmed Combat


You had 2 spell levels left.
You didn't know any spells.
Your spell library was empty.

Dungeon Overview and Level Annotations

Branches:
Dungeon (2/15)

Altars:


Innate Abilities, Weirdness & Mutations

You are too large for most types of armour.
You have claws for hands.
Your natural rate of healing is unusually fast.
You are covered in fur. (AC +1)
You have tough skin. (AC +1)


Message History

The goblin shouts!
Items here: ))))) ††††.
You scratch the goblin but do no damage.
The goblin barely misses you.
You closely miss the goblin. The goblin hits you with a +0 club.
Ijyb drinks a potion.
Ijyb goes berserk!
You barely miss the goblin. You closely miss Ijyb.
Ijyb hits you with a +0 dagger of venom.
You claw Ijyb!
Ijyb is lightly wounded.
Ijyb hits you but does no damage.
You are poisoned.
You claw Ijyb!
Ijyb is severely wounded.
You feel sick.
Ijyb hits you with a +0 dagger of venom.
Ijyb barely misses you.
You claw Ijyb! Your claw misses Ijyb.
Ijyb is almost dead.
You feel sick.
Ijyb hits you with a +0 dagger of venom!
You are more poisoned.
You scratch Ijyb but do no damage.
Ijyb is almost dead.
You feel very sick.
Ijyb hits you with a +0 dagger of venom.
* * * LOW HITPOINT WARNING * * *
You are lethally poisoned!
You completely miss Ijyb. Your claw misses Ijyb.
Ijyb is almost dead.
* * * LOW HITPOINT WARNING * * *
You feel very sick. Ijyb barely misses you.
Ijyb hits you with a +0 dagger of venom.
* * * LOW HITPOINT WARNING * * *
You are more poisoned.
You claw Ijyb!
You kill Ijyb!
You die...

#############.#
..#...........#
#.#.#########.### # #.#.#
#...# ...######.#.# ###.#
..........#.# #.#
#.....)..g#.# #.#
#8.....8#)#.# #.#
#.......#@#.###########.#
#8..g..8#.#.#........)..#
#.......#.#.#.###########
#8..g..8#>#.#.#......#
#.......#...#.#<.#.#.#
#8.....8#.###.##.#.#.#
#.# #.#....#.# #.#
#.######.### #.#
#..........#


You could see a goblin.

Vanquished Creatures
  Ijyb (D:2)
  An adder (D:2)
  A dart slug (D:1)
  3 bats
  An endoplasm (D:1)
  6 goblins
  7 hobgoblins (D:1)
  2 jackals (D:1)
  2 quokkas (D:1)
  A ball python (D:1)
  3 kobolds (D:1)
  3 rats (D:1)
31 creatures vanquished.

Notes
Turn   | Place    | Note
-------+----------+-------------------------------------------
     0 | D:1      | urbino23 the Troll Monk began the quest for the Orb.
     0 | D:1      | Reached XP level 1. HP: 22/22 MP: 0/0
    81 | D:1      | Found a faded altar of an unknown god.
    85 | D:1      | Reached XP level 2. HP: 27/29 MP: 1/1
   485 | D:1      | Reached XP level 3. HP: 36/36 MP: 2/2
   684 | D:2      | Noticed Ijyb
   696 | D:2      | Reached skill level 4 in Unarmed Combat
   723 | D:2      | Killed Ijyb
   723 | D:2      | Succumbed to Ijyb's poison

Illustrated notes

Levels and vault maps discovered:
D:1:      ebering_hopf_link, layout_loops_ring, shapermc_ecumenical_altar_gd
D:2:      kennysheep_the_goblin_king, layout_basic, amethyst_killhole,
          minmay_misc_feat_square

Skill      XL: |  1  2  3 |
---------------+----------+-----
Fighting       | 3 |  3.0
Unarmed Combat | 4 |  4.0
Dodging        | |  2.4
Stealth        | |  1.0

Action                   || total
-------------------------++-------
Melee: Unarmed           ||    84
       Punch             ||     4
 Stab: Sleeping          ||     2
Armor: Robe              ||    21
Dodge: Dodged            ||    35
